Map: Sueño eterno EE

Players

Jhonf - Winner!

  • Race: Terran Terran
  • League: Platinum
  • Spawn Location: 1:00

MrFercho

  • Race: Zerg Zerg
  • League: Gold
  • Spawn Location: 7:00

VOD

Have the link to the VOD?

Description

Time

  • Played on: Aug. 13, 2020, 11:03 p.m.
  • Length: 13:24
Show
View Real Time Build Order
Export as new Build Order

Jhonf Terran - Winner!

Build Orders: Command Center First (CC) 

Get SALT Encoding   

  12  0:03  SCV  
  13  1:30  Refinery  
  13  1:34  Refinery  
  13  1:45  SCV  
  14  1:47  Supply Depot  
  14  1:48  Supply Depot  
  14  1:57  SCV  
  15  2:09  SCV  
  15  2:10  Command Center  
  15  2:11  Barracks  
  16  2:21  SCV  
  17  2:33  SCV  
  18  2:38  Barracks  
  18  2:45  SCV  
  19  2:57  SCV  
  20  3:06  Factory  
  20  3:07  Barracks Reactor  
  20  3:09  SCV  
  21  3:21  SCV  
  21  3:24  Orbital Command  
  22  3:29  Barracks Reactor  
  22  3:34  Orbital Command  
  22  3:47  Marine x2  
  24  3:51  Factory Tech Lab  
  24  4:02  Starport  
  24  4:04  SCV  
  24  4:05  Marine x2  
  27  4:11  SCV  
  27  4:17  SCV  
  29  4:19  Siege Tank  
  29  4:23  SCV  
  33  4:30  SCV  
  34  4:35  SCV  
  35  4:40  Starport Reactor  
  35  4:42  SCV, Refinery  
  35  4:43  Refinery  
  36  4:47  Starport, SCV  
  37  4:54  SCV  
  39  5:00  SCV  
  39  5:05  Fusion Core  
  39  5:06  SCV  
  40  5:09  Siege Tank  
  40  5:11  Marine  
  40  5:12  Marine, SCV  
  46  5:27  Supply Depot  
  46  5:33  Supply Depot  
  46  5:36  Engineering Bay  
  46  5:38  Engineering Bay  
  46  5:43  Supply Depot  
  46  5:45  Supply Depot  
  46  5:48  Medivac, Marine x4, SCV  
  46  5:49  Supply Depot, SCV  
  54  5:59  Widow Mine  
  54  6:00  SCV  
  57  6:16  SCV x2  
  57  6:18  Barracks  
  59  6:20  Barracks  
  59  6:27  Starport Tech Lab  
  59  6:37  Medivac x2  
  59  6:39  Marine x2  
  65  6:42  SCV  
  66  6:54  SCV  
  67  7:06  Barracks, Supply Depot  
  67  7:07  Supply Depot, SCV  
  68  7:19  SCV  
  68  7:20  Armory  
  68  7:22  Armory  
  69  7:23  Marine x4  
  69  7:24  Marine x2  
  69  7:29  Supply Depot  
  75  7:31  SCV  
  76  7:38  Battlecruiser  
  76  7:41  Marine x6  
  88  7:44  Missile Turret  
  88  7:48  Missile Turret  
  88  7:55  Barracks Tech Lab  
  88  7:59  Marine x5  
  88  8:00  Terran Infantry Weapons Level 1  
  88  8:01  Terran Infantry Armor Level 1  
  88  8:04  Barracks Tech Lab  
  93  8:11  Armory  
  93  8:58  Starport  
  93  9:02  Starport  
  93  9:20  Battlecruiser  
  93  9:21  Medivac x2  
  93  9:23  Marauder, Marine  
  106  9:24  Marine x4  
  110  9:46  Supply Depot  
  110  9:47  Supply Depot  
  110  10:08  Marauder, Marine x5  
  110  10:14  Starport Tech Lab x2  
  111  10:22  Thor  
  111  10:25  Marine x5  
  122  10:30  Marauder  
  124  10:38  Command Center  
  124  10:39  Supply Depot  
  124  10:40  Supply Depot x2  
  124  10:41  Supply Depot  
  124  10:43  Marine x2  
  126  10:57  Terran Infantry Weapons Level 2  
  126  10:58  Terran Infantry Armor Level 2  
  126  11:00  Terran Ship Weapons Level 1, Marauder, Marine x3, Terran Vehicle And Ship Armor Level 1, Terran Vehicle Weapons Level 1  
  126  11:01  Marine x2, Weapon Refit  
  133  11:04  Refinery  
  133  11:06  Refinery  
  133  11:18  Marine x3  
  136  11:19  Marine x2  
  136  11:21  Marine  
  139  11:36  Marine x3  
  139  11:37  Marine x2  
  145  11:40  Marauder  
  137  11:53  Marine  
  128  12:01  Marauder  
  128  12:13  Barracks Reactor  
  130  12:22  Marauder  
Show
View Real Time Build Order
Export as new Build Order

MrFercho Zerg 

Build Orders: Hatch First 

Get SALT Encoding   

  12  0:11  Drone  
  13  0:14  Overlord  
  13  0:16  Drone  
  14  0:33  Drone  
  14  0:35  Drone  
  16  0:50  Hatchery  
  16  0:53  Drone  
  17  0:57  Drone  
  17  1:05  Drone  
  18  1:12  Extractor  
  17  1:20  Spawning Pool, Drone  
  17  1:27  Drone  
  19  1:40  Drone  
  19  1:49  Overlord  
  19  2:07  Zergling x4  
  19  2:08  Queen x2  
  21  2:10  Drone  
  21  2:14  Drone  
  27  2:23  Drone  
  27  2:24  Drone  
  29  2:31  Overlord  
  29  2:37  Drone  
  30  2:46  Drone x2  
  32  2:53  Queen  
  34  3:09  Drone  
  34  3:10  Drone x3  
  38  3:14  Lair  
  38  3:15  Metabolic Boost  
  38  3:17  Drone  
  39  3:50  Zergling x10  
  39  3:53  Overlord x3  
  44  4:00  Baneling Nest  
  44  4:01  Extractor  
  42  4:03  Extractor, Drone x3  
  42  4:05  Overlord  
  44  4:26  Drone x3  
  44  4:29  Drone x2  
  49  4:45  Evolution Chamber  
  48  4:46  Drone x5  
  48  4:48  Evolution Chamber  
  52  4:55  Drone  
  52  4:57  Hatchery  
  52  5:02  Overseer  
  52  5:07  Drone x3  
  54  5:11  Zerg Melee Weapons Level 1  
  54  5:14  Zerg Ground Armor Level 1  
  55  5:18  Zergling x2  
  55  5:19  Zergling x6  
  59  5:38  Hatchery, Overlord x2  
  59  5:40  Zergling x6  
  61  5:53  Pneumatized Carapace  
  61  6:34  Drone x11  
  72  6:46  Extractor, Infestation Pit  
  70  6:58  Centrifical Hooks  
  70  7:04  Zergling x6  
  70  7:05  Zergling x4  
  75  7:08  Drone  
  75  7:09  Drone x5  
  75  7:14  Queen  
  84  7:22  Drone  
  84  7:23  Drone x2  
  84  7:25  Hive  
  86  7:31  Zerg Missile Weapons Level 1  
  86  7:32  Zerg Melee Weapons Level 2  
  86  8:05  Hydralisk Den, Drone  
  86  8:11  Spire  
  85  8:21  Baneling  
  85  8:26  Overlord x2  
  85  8:27  Overlord  
  85  8:28  Overlord x2  
  85  8:40  Drone  
  86  8:46  Overseer  
  86  9:03  Baneling x6  
  86  9:04  Baneling x13  
  80  9:19  Spore Crawler  
  80  9:22  Spore Crawler  
  80  9:23  Spore Crawler  
  72  9:24  Hydralisk x8, Spore Crawler  
  72  9:25  Hydralisk x11  
  72  9:26  Spore Crawler  
  102  9:35  Drone x3  
  102  9:36  Drone  
  102  9:37  Drone x6  
  112  9:38  Drone  
  113  9:55  Spire  
  109  10:15  Muscular Augments  
  109  10:20  Drone  
  109  10:21  Drone x3  
  113  10:23  Queen  
  113  10:24  Queen  
  113  10:26  Drone  
  119  10:28  Drone  
  119  10:40  Extractor  
  118  10:42  Extractor  
  117  11:08  Zerg Missile Weapons Level 2  
  117  11:14  Lurker Den  
  117  11:16  Overlord  
  117  11:17  Overlord x3  
  116  11:26  Grooved Spines  
  116  11:32  Zergling x6  
  119  11:33  Zergling x32  
  117  11:53  Zergling x2  
  93  11:54  Zergling x26  
  95  12:02  Hydralisk  
  95  12:03  Hydralisk x2  
  90  12:09  Hydralisk x5  
  92  12:21  Baneling x2  
  92  12:22  Baneling x11  
  92  12:27  Hydralisk  
  79  12:40  Hydralisk x4  
  79  12:42  Zergling x14  
  79  12:43  Zergling x6  
Tags
 
Add a new tag
Caveats
  • Supply blocks, unpowered buildings, or Contaminate may cause inaccurate times.
  • Supply counts are checked every 10 seconds.